 Dungeon Crawl Stone Soup version 0.29-a0-1009-g60c99734e7 (webtiles) character file.

Game seed: 212042148001510036

27 Manisian the Caller (level 2, 15/15 HPs)
             Began as a Deep Elf Summoner on Aug 8, 2022.
             Quit the game on level 1 of the Dungeon.
             The game lasted 00:01:40 (817 turns).

Manisian the Caller (Deep Elf Summoner)              Turns: 817, Time: 00:01:41

Health: 15/15      AC:  2    Str:  5    XL:     2   Next: 93%
Magic:  7/8        EV: 13    Int: 19    God:
Gold:   21         SH:  0    Dex: 21    Spells: 7/8 levels left

rFire   . . .      SeeInvis .   (no weapon)
rCold   . . .      Faith    .   (no shield)
rNeg    . . .      Spirit   .   a - +0 robe
rPois   .          Reflect  .   (no helmet)
rElec   .          Harm     .   (no cloak)
rCorr   .          Rampage  .   (no gloves)
Will    .....                   (no boots)
Stlth   +++.......              (no amulet)
HPRegen 0.05/turn               e - +6 ring of dexterity
MPRegen 0.11/turn               (no ring)

@: no status effects
A: no striking features
a: no special abilities


You were on level 1 of the Dungeon.
You visited 1 branch of the dungeon, and saw 1 of its levels.

You collected 21 gold pieces.

Inventory:

Armour
 a - a +0 robe (worn)
Jewellery
 e - a +6 ring of dexterity (left hand)
Scrolls
 d - a scroll of identify {unknown}
Potions
 b - a potion of magic
 c - a potion of lignification {unknown}


   Skills:
 + Level 2.4 Dodging
 + Level 2.6 Stealth
 + Level 3.6 Spellcasting
 + Level 5.0 Summonings


You had 7 spell levels left.
You knew the following spells:

 Your Spells              Type           Power      Damage    Failure   Level
a - Summon Small Mammal   Summ           88%        N/A       1%          1

Your spell library contained the following spells:

 Spells                   Type           Power      Damage    Failure   Level
 Call Imp                 Summ           22%        N/A       2%          2
 Call Canine Familiar     Summ           22%        N/A       5%          3
 Summon Guardian Golem    Hex/Summ       13%        N/A       16%         3
 Summon Lightning Spire   Summ/Air       13%        N/A       45%         4


Dungeon Overview and Level Annotations

Branches:
Dungeon (1/15)

Altars:


Message History

e - a +6 ring of dexterity (left hand)
You swap places.
You see here a +0 whip.
Your rat disappears in a puff of smoke!
You open the door.
There is an open door here.
A giant cockroach comes into view.
A giant cockroach is nearby!
A giant cockroach is nearby!
Casting: Summon Small Mammal (safe; 1% risk of failure)
Confirm with . or Enter, or press ? or * to list all spells.
Casting: Summon Small Mammal (safe; 1% risk of failure)
Confirm with . or Enter, or press ? or * to list all spells.
You swap places.
Your bat hits the giant cockroach.
You swap places.
Your bat hits the giant cockroach but does no damage.
The giant cockroach barely misses your bat.
Your bat hits the giant cockroach.
Your bat hits the giant cockroach but does no damage.
The giant cockroach bites your bat but does no damage.
Your bat closely misses the giant cockroach.
Your bat barely misses the giant cockroach.
The giant cockroach barely misses your bat.
Your bat hits the giant cockroach.
Your bat barely misses the giant cockroach.
The giant cockroach misses your bat.
Your bat hits the giant cockroach but does no damage.
The giant cockroach closely misses your bat.
Your bat hits the giant cockroach but does no damage.
Your bat hits the giant cockroach but does no damage.
The giant cockroach barely misses your bat.
The giant cockroach closely misses your bat.
Your bat barely misses the giant cockroach.
Your bat hits the giant cockroach but does no damage.
The giant cockroach misses your bat.
Your bat hits the giant cockroach but does no damage.
Your bat hits the giant cockroach.
The giant cockroach dies!
Unknown command.
Are you sure you want to abandon this character and quit the game? (Confirm with "yes".)

..............#.#
##
#.######......#.#
#.
#....'........#
#.
#.####......###
#. #.# ###....#
#. #.# ####.# #.
#.# #.# #. #.#
#.# #. #@# #.# #.
#r# #.# #. #.#
#.# ## #b# # #.#
# #.# # #.# # #.#
#.#


You could see a friendly quokka (summoned) and a friendly bat (summoned).

Vanquished Creatures (collateral kills)
  A gnoll (D:1)
  An endoplasm (D:1)
  A giant cockroach (D:1)
  A goblin (D:1)
  2 hobgoblins (D:1)
  3 jackals (D:1)
  3 kobolds (D:1)
  A ball python (D:1)
  A bat (D:1)
  A rat (D:1)
15 creatures vanquished.

Notes
Turn   | Place    | Note
-------+----------+-------------------------------------------
     0 | D:1      | Manisian the Deep Elf Summoner began the quest for the Orb.
     0 | D:1      | Reached XP level 1. HP: 10/10 MP: 6/6
   317 | D:1      | Reached XP level 2. HP: 8/15 MP: 8/8
   758 | D:1      | Reached skill level 5 in Summonings
   817 | D:1      | Quit the game

Illustrated notes

Levels and vault maps discovered:
D:1:      dpeg_arrival_windows_large_door, layout_basic

Skill      XL: |  1  2 |
---------------+-------+-----
Summonings     | 5 |  5.0
Dodging        | |  2.4
Stealth        | |  2.6
Spellcasting   | |  3.6

Action                   || total
-------------------------++-------
Melee: Unarmed           ||     1
 Cast: Summon Small Mamm ||    31
Armor: Robe              ||     3
Dodge: Dodged            ||    12

Table legend: (Time is in decaauts)
 A = Elapsed time spent in this place.
 B = Non-inter-level travel time spent in this place.
 C = Inter-level travel time spent in this place.
 D = Time resting spent in this place.
 E = Time spent auto-exploring this place.
 F = Levels seen in this place.
 G = Mean time per level.
                   A        B        C        D        E       F      G
               +--------+--------+--------+--------+--------+-----+--------+
         Total |    816 |    816 |      0 |      0 |    640 |   1 |  816.0 |
       Dungeon |    816 |    816 |      0 |      0 |    640 |   1 |  816.0 |
               +--------+--------+--------+--------+--------+-----+--------+

Top non-repeatable levels by time:
     D:1: 816 daAuts
